 Dungeon Crawl Stone Soup version 0.25-a0-413-g3b4b6a4ccc (webtiles) character file.

Game seed: 14255288966838605577, levelgen mode: deterministic

248 DerDa the Skirmisher (level 5, -1/48 HPs)
             Began as a Minotaur Berserker on Jan 14, 2020.
             Was a Believer of Trog.
             Slain by Grinder (4 damage)
             ... while paralysed by Grinder
             ... on level 3 of the Dungeon.
             The game lasted 00:03:36 (1584 turns).

DerDa the Skirmisher (Minotaur Berserker)           Turns: 1584, Time: 00:03:36

Health: -1/48      AC:  5    Str: 22    XL:     5   Next: 86%
Magic:  4/4        EV:  2    Int:  4    God:    Trog [**....]
Gold:   116        SH:  0    Dex: 10    Spells: 4/4 levels left

rFire    . . .     SeeInvis .   a - +0 falchion
rCold    . . .     Gourm    .   k - +0 large shield
rNeg     . . .     Faith    .   i - +0 ring mail
rPois    .         Spirit   .   (helmet restricted)
rElec    .         Reflect  .   (no cloak)
rCorr    .         Harm     .   (no gloves)
MR       .....                  (no boots)
Stlth    ..........             (no amulet)
HPRegen  0.16/turn              (no ring)
MPRegen  0.09/turn              (no ring)

@: paralysed, berserk cooldown, slowed
A: retaliatory headbutt, horns 2
a: Berserk, Trog's Hand, Renounce Religion


You were on level 3 of the Dungeon.
You worshipped Trog.
Trog was pleased with you.
You were near starving.

You visited 1 branch of the dungeon, and saw 4 of its levels.

You collected 116 gold pieces.

Inventory:

Hand Weapons
 a - a +0 falchion (weapon)
Missiles
 h - 26 bolts
 j - 5 silver javelins (quivered)
Armour
 b - a +0 animal skin
 i - a +0 ring mail (worn)
 k - a +0 large shield (worn)
Jewellery
 l - a cursed -2 ring of protection {unknown}
Wands
 q - a wand of polymorph (8)
Scrolls
 e - 2 scrolls of teleportation {unknown}
 g - 2 scrolls of remove curse {unknown}
 m - 2 scrolls of identify {unknown}
 n - a scroll of fear {unknown}
Potions
 o - a potion of flight {unknown}
 p - a potion of heal wounds {unknown}
Comestibles
 c - 2 rations


   Skills:
 * Level 5.3 Fighting
 + Level 4.6 Long Blades
 + Level 3.5 Armour
 * Level 4.1 Dodging
 + Level 1.5 Shields
 + Level 0.0 Evocations


You had 4 spell levels left.
You didn't know any spells.
Your spell library was empty.

Dungeon Overview and Level Annotations

Branches:
Dungeon (4/15)
 Temple: D:4-7

Altars:

Annotations:
D:3 Grinder


Innate Abilities, Weirdness & Mutations

You reflexively headbutt those who attack you in melee.
You have a pair of horns on your head.


Message History

You slash Grinder!
Grinder is heavily wounded.
You are no longer berserk.
You are exhausted.
You feel yourself slow down. Grinder gestures at you.
You suddenly lose the ability to move!
Grinder hits you! Grinder gestures at you. You resist with significant effort.
Grinder hits you.
* * * LOW HITPOINT WARNING * * *
You writhe in agony.
* * * LOW HITPOINT WARNING * * *
Grinder says, "You look like you could use a good racking."
Grinder gestures at you. Pain shoots through your body!
* * * LOW HITPOINT WARNING * * *
Grinder hits you.
You die...

#..........##
##...........#
#............##
#............. # #.
.........## .#
#.#.###...#....#.# ..#
#....#.......$....
##..##..#>.....@5.....>
##.......#..............
.#.......##.............
..........#..........##.
...................#..#
.....................?..
.........##.............
...............$.#......
....#####........#.#...


You could see Grinder.

Vanquished Creatures
  Sigmund (D:3)
  3 adders
  2 oozes
  3 dart slugs (D:1)
  A leopard gecko (D:2)
  8 bats
  4 giant cockroaches
  5 goblins
  6 hobgoblins
  2 jackals (D:3)
  2 kobolds (D:1)
  4 frilled lizards
  10 rats
  A toadstool (D:1)
52 creatures vanquished.

Vanquished Creatures (others)
  3 toadstools (D:1)
3 creatures vanquished.

Grand Total: 55 creatures vanquished

Notes
Turn   | Place    | Note
-------+----------+-------------------------------------------
     0 | D:1      | DerDa the Minotaur Berserker began the quest for the Orb.
     0 | D:1      | Reached XP level 1. HP: 19/19 MP: 0/0
    62 | D:1      | Reached XP level 2. HP: 17/27 MP: 1/1
   115 | D:1      | Reached skill level 4 in Fighting
   231 | D:1      | Reached XP level 3. HP: 15/33 MP: 2/2
   397 | D:1      | Reached ** piety under Trog
   903 | D:2      | Reached XP level 4. HP: 41/41 MP: 3/3
  1213 | D:3      | Noticed Sigmund
  1224 | D:3      | Killed Sigmund
  1224 | D:3      | Reached skill level 5 in Fighting
  1224 | D:3      | Reached skill level 1 in Shields
  1224 | D:3      | Reached XP level 5. HP: 48/48 MP: 4/4
  1306 | D:3      | Noticed Grinder
  1322 | D:3      | Paralysed by Grinder for 6 turns
  1567 | D:3      | Paralysed by Grinder for 4 turns
  1579 | D:3      | Paralysed by Grinder for 6 turns
  1584 | D:3      | Slain by Grinder

Levels and vault maps discovered:
D:1:      ldierk_water_garden, layout_rooms
D:2:      layout_basic
D:3:      layout_rooms, marbit_many_paths, makhleb_heckhound_becter,
          uniq_natasha, uniq_sigmund, uniq_grinder
D:4:      layout_basic, overflow_temple_1_default, first_ration, serial_shops,
          kennysheep_little_box, uniq_blork_the_orc, uniq_crazy_yiuf_cottage,
          uniq_duvessa

Skill      XL: |  1  2  3  4 |
---------------+-------------+-----
Fighting       | 4 5 |  5.3
Long Blades    | 4 |  4.6
Dodging        | 3 4 |  4.1
Armour         | 3 |  3.5
Shields        | 1 |  1.5

Action                   |  1- 3 |  4- 6 || total
-------------------------+-------+-------++-------
Melee: Falchion          |    65 |    30 ||    95
       Headbutt          |    17 |     7 ||    24
Invok: Berserk           |       |     3 ||     3
  Use: Potion            |       |     1 ||     1
  Eat: Chunk             |       |     3 ||     3
Armor: Animal skin       |     7 |       ||     7
       Ring mail         |    12 |    10 ||    22
Dodge: Dodged            |    43 |    11 ||    54
Block: Large shield      |    18 |    31 ||    49
       Rpst.: Falchion   |     8 |     4 ||    12

Table legend:
 A = Non-vault XP
 B = Vault XP
 C = Vault XP percentage of total XP
 D = Non-vault monster count
 E = Vault monster count
 F = Vault count percentage of total count
                 A         B        C        D         E       F
            +---------+---------+-------+---------+---------+-------
      Total |     132 |     223 |  62.8 |      50 |       1 |   2.0
            +---------+---------+-------+---------+---------+-------
        D:1 |      50 |       0 |   0.0 |      26 |       0 |   0.0
        D:2 |      47 |       0 |   0.0 |      13 |       0 |   0.0
        D:3 |      35 |     223 |  86.4 |      11 |       1 |   8.3
            +---------+---------+-------+---------+---------+-------
